 Dungeon Crawl Stone Soup version 0.27.1-35-g4d5d836560 (webtiles) character file.

Game seed: 9756220464093155429

1362 Delamore the Covert (level 8, -8/75 HPs)
             Began as an Octopode Brigand on Mar 1, 2022.
             Was an Initiate of Gozag.
             Killed from afar by an orc wizard (10 damage)
             ... with a puff of flame
             ... on level 6 of the Dungeon.
             The game lasted 00:05:41 (4698 turns).

Delamore the Covert (Octopode Brigand)              Turns: 4698, Time: 00:05:42

Health: -8/75      AC: 24    Str:  9 (10) XL:     8   Next: 64%
Magic:  8/8        EV:  2    Int: 10 (13) God:    Gozag
Gold:   218        SH:  0    Dex: 15 (16) Spells: 7/7 levels left

rFire    . . .     SeeInvis .   i - +2 dagger (elec)
rCold    . . .     Faith    .   (no shield)
rNeg     + + +     Spirit   .   (helmet currently unavailable)
rPois    +         Reflect  .   (no amulet)
rElec    .         Harm     .   m - ring of willpower
rCorr    .         Rampage  .   h - ring of poison resistance
Will     +....     NoTele   +   (no ring)
Stlth    ++++......             (no ring)
HPRegen  0.22/turn              (no ring)
MPRegen  0.11/turn              (no ring)
                                (no ring)
                                (no ring)

@: mighty, tree-form, gold aura, hasted, very quick
A: stationary, stasis, torment immunity, boosted hp, almost no armour,
(amphibious), 8 rings, (camouflage 1), (gelatinous body 1), (nimble swimmer 1),
(tentacles)
a: Renounce Religion, Potion Petition, Call Merchant, Bribe Branch


You were on level 6 of the Dungeon.
You worshipped Gozag.
Gozag was aware of your devotion.
You were a tree.
You visited 2 branches of the dungeon, and saw 7 of its levels.

You collected 319 gold pieces.
You paid 101 gold pieces to Gozag.

Inventory:

Hand Weapons
 a - a +2 dagger
 i - a +2 dagger of electrocution (weapon)
Missiles
 b - 31 poisoned darts (quivered)
 c - 2 curare-tipped darts
Jewellery
 h - a ring of poison resistance (right branch)
 m - a ring of willpower (left branch)
Wands
 n - a wand of flame (12)
 u - a wand of digging (1)
Scrolls
 f - a scroll of brand weapon
 g - 2 scrolls of enchant armour
 o - a scroll of holy word
 p - a scroll of magic mapping
 t - a scroll of teleportation {unknown}
 v - a scroll of immolation {unknown}
 w - a scroll of noise {unknown}
Potions
 e - a potion of haste
 j - 3 potions of might
 k - a potion of attraction {unknown}
 l - a potion of degeneration
 s - a potion of heal wounds {unknown}


   Skills:
 - Level 2.0 Fighting
 + Level 8.7 Short Blades
 - Level 2.0 Throwing
 - Level 1.0 Dodging
 - Level 10.0 Stealth


You had 7 spell levels left.
You didn't know any spells.
Your spell library contained the following spells:

 Spells                   Type           Power      Damage    Failure   Level
 Sting                    Tmut/Pois      0%         1d3       36%         1
 Corpse Rot               Necr/Air       N/A        N/A       50%         2
 Poisonous Vapours        Pois/Air       0%         N/A       50%         2
 Portal Projectile        Hex/Tloc       0%         N/A       75%         3
 Olgreb's Toxic Radiance  Pois           0%         N/A       98%         4
 Blade Hands              Tmut           0%         N/A       100%        5
 Excruciating Wounds      Necr           0%         N/A       100%        5
 Freezing Cloud           Conj/Ice/Air   0%         6-21      100%        5


Dungeon Overview and Level Annotations

Branches:
Dungeon (6/15)             Temple (1/1) D:6

Altars:
Dithmenos
Elyvilon
Gozag
Makhleb
Okawaru
Uskayaw
Vehumet
Xom

Shops:
D:2 [


Innate Abilities, Weirdness & Mutations

You are a tree.
Your roots penetrate the ground, keeping you stationary.
You cannot be teleported.
You are immune to unholy pain and torment.
Your maximum health is greatly increased.
You cannot wear most types of armour.
((You are amphibious.))
You can wear up to eight rings at the same time.
((Your skin changes colour to match your surroundings (Stealth+).))
((Your rubbery body absorbs attacks. (AC +1, EV +1)))
((You are camouflaged near water. (Stealth+)))
((You have tentacles for arms and can constrict up to eight enemies at once.))


Message History

You constrict the orc wizard. The orc wizard casts a spell at you.
The magic dart hits you.
* * * LOW HITPOINT WARNING * * *
Okay, then.
The orc wizard shouts!
You puncture the orc wizard!
You kill the orc wizard!
You hear a shout!
It was a potion of haste.
You feel yourself speed up.
The orc priest is distracted by your dazzling golden aura.
It was a potion of degeneration.
There was something very wrong with that liquid.
You feel weakened.
You feel dopey.
You feel clumsy.
The orc priest is no longer distracted by gold.
Okay, then.
It was a potion of flight.
You feel very buoyant.
You fly up into the air.
It was a potion of lignification.
You turn into a tree.
Your roots penetrate the ground.
The orc wizard mumbles some strange words.
The orc wizard flickers and vanishes!
Deactivating autopickup; reactivate with Ctrl-A.
The orc priest hits you but does no damage.
You hit the orc priest but do no damage.
You hit the orc priest.
The orc priest is moderately wounded.
You hit the orc priest but do no damage.
Lightning courses through the orc priest!
You kill the orc priest!
You hit the orc.
The orc is severely wounded.
You hit the orc.
You kill the orc!
You hear some strange, mumbled words.
A puff of flame appears from out of thin air!
The puff of flame hits you!
You die...
Your body crumbles into a pile of gold.

................###.........
................####.#+#####
.......................#
......).......#.####.###
........).....#.# #.#
..............#.## #.#
..............#..# #.#######
.......... #..###........
..#.###### #####♣#.........#
..#.# #....$${........#
..#.# #.####..........#
..#.. ####..........# ..#..
#..§.§§#.###### .##...
#...§§§#.# .. ... #...§§§#.#
## #######§§#.# #go#..#§§#.#


There were no monsters in sight!

Vanquished Creatures
  Sigmund (D:3)
  Edmund (D:4)
  An ogre (D:5)
  A centaur (D:5)
  A necrophage (D:4)
  A wyvern zombie (D:5)
  A water moccasin zombie (D:5)
  A water moccasin skeleton (D:5)
  A howler monkey (D:6)
  A crimson imp (D:3)
  A bullfrog zombie (D:5)
  2 jellies
  An orc priest (D:6)
  4 hounds
  A bullfrog skeleton (D:5)
  3 iguanas
  Natasha (D:2)
  An orc wizard (D:6)
  2 hound skeletons
  3 gnolls (D:4)
  A howler monkey skeleton (D:3)
  2 adders
  A shadow imp (D:5)
  An ufetubus (D:6)
  2 adder skeletons
  2 worms
  2 dart slugs
  3 orcs
  A bat (D:2)
  4 endoplasms
  13 giant cockroaches
  3 goblins
  5 hobgoblins
  4 jackals (D:3)
  3 quokkas
  7 ball pythons
  2 frilled lizards
  A kobold (D:1)
  7 rats
93 creatures vanquished.

Vanquished Creatures (collateral kills)
  A black bear (D:5)
1 creature vanquished.

Grand Total: 94 creatures vanquished

Notes
Turn   | Place    | Note
-------+----------+-------------------------------------------
     0 | D:1      | Delamore the Octopode Brigand began the quest for the Orb.
     0 | D:1      | Reached XP level 1. HP: 14/14 MP: 1/1
   276 | D:1      | Reached XP level 2. HP: 19/19 MP: 2/2
   778 | D:1      | Reached skill level 6 in Stealth
   886 | D:2      | Found Selynnum's Armour Shop.
  1086 | D:2      | Reached XP level 3. HP: 22/24 MP: 3/3
  1369 | D:2      | Noticed Natasha
  1375 | D:2      | Killed Natasha
  1376 | D:2      | Reached XP level 4. HP: 25/29 MP: 4/4
  1429 | D:2      | Reached skill level 7 in Stealth
  2132 | D:3      | Noticed Sigmund
  2141 | D:3      | Killed Sigmund
  2142 | D:3      | Reached skill level 8 in Stealth
  2142 | D:3      | Reached XP level 5. HP: 34/34 MP: 5/5
  2142 | D:3      | Reached XP level 6. HP: 39/39 MP: 6/6
  2239 | D:3      | Found a burning altar of Makhleb.
  2239 | D:3      | Found a shimmering altar of Xom.
  2247 | D:3      | Reached skill level 9 in Stealth
  2842 | D:4      | Found a hide-covered altar of Uskayaw.
  2970 | D:4      | Noticed a necrophage
  2973 | D:4      | Killed a necrophage
  2974 | D:4      | Reached XP level 7. HP: 45/45 MP: 7/7
  2988 | D:4      | Identified the +9 hunting sling "Spiderbane" {freeze, rPois
                  | Int+3 Dex-5}
  3051 | D:4      | Reached skill level 10 in Stealth
  3064 | D:4      | Noticed Edmund
  3071 | D:4      | Killed Edmund
  3072 | D:4      | Reached skill level 5 in Short Blades
  3427 | D:5      | Entered Level 5 of the Dungeon
  3638 | D:5      | Reached XP level 8. HP: 17/50 MP: 8/8
  4469 | D:6      | Found a staircase to the Ecumenical Temple.
  4478 | Temple   | Entered the Ecumenical Temple
  4550 | Temple   | Became a worshipper of Gozag Ym Sagoz the Greedy
  4688 | D:6      | HP: 1/50 [orc wizard/magic dart (5)]
  4698 | D:6      | Killed from afar by an orc wizard

Illustrated notes

Levels and vault maps discovered:
D:1:      dpeg_arrival_renting, layout_basic
D:2:      minmay_roachtagon, layout_basic, serial_shops, shop, uniq_natasha
D:3:      layout_basic, grunt_temple_overflow_champion_of_chaos, uniq_sigmund
D:4:      layout_basic, mainiacjoe_overflow_24_doors, uniq_edmund
D:5:      layout_gridville, chequers_serial_rivers_large_b
D:6:      layout_basic, minmay_temple_entry_glass,
          ebering_dispersal_statue_hall, sigmund_army
Temple:   dpeg_chambers_temple

Skill      XL: |  1  2  3  4  5  6  7  8 |
---------------+-------------------------+-----
Stealth        | 6 8 9 10 | 10.0
Short Blades   | 3 4 6 8 |  8.7
Fighting       | |  2.0
Throwing       | |  2.0
Dodging        | |  1.0

Action                   |  1- 3 |  4- 6 |  7- 9 || total
-------------------------+-------+-------+-------++-------
Melee: Dagger            |    59 |    67 |    53 ||   179
       Constrict         |    17 |    15 |     8 ||    40
       Tentacles         |    10 |    11 |     8 ||    29
  Use: Scroll            |       |     1 |     6 ||     7
       Potion            |       |       |     5 ||     5
 Stab: Sleeping          |     8 |    15 |    11 ||    34
       Distracted        |       |       |     1 ||     1
Armor: Skin              |    11 |     4 |     7 ||    22
Dodge: Dodged            |    38 |    26 |    29 ||    93
